 Dungeon Crawl Stone Soup version 0.30-a0-883-g5ad918d77d (webtiles) character file.

Game seed: 11514315749603173281

10654 jasper the Covert (level 11, -5/84 HPs)
             Began as a Demonspawn Gladiator on Mar 16, 2023.
             Was an Elder of Uskayaw.
             Slain by Snorg (8 damage)
             ... on level 10 of the Dungeon.
             The game lasted 00:16:26 (9163 turns).

jasper the Covert (Demonspawn Gladiator)            Turns: 9163, Time: 00:16:26

Health: -5/84      AC: 15    Str: 15    XL:     11   Next: 39%
Magic:  17/17      EV: 17    Int: 13    God:    Uskayaw [****..]
Gold:   658        SH:  0    Dex: 24    Spells: 10/10 levels left

rFire   . . .      SeeInvis .    p - +1 dagger (elec)
rCold   . . .      Faith    .    (no shield)
rNeg    . . .      Spirit   .    L - +3 leather armour of Wu Jian's Hatred {Int+3}
rPois   .          Reflect  .    (helmet restricted)
rElec   .          Rampage  .    W - +1 cloak
rCorr   .                        l - +2 pair of gloves
Will    .....                    (no boots)
Stlth   +++++                    Y - amulet of magic regeneration
HPRegen 0.34/turn                z - +6 ring of dexterity
MPRegen 0.70/turn                M - +4 ring of protection

@: slowed, very slow
A: hooves 1, horns 2, spiny 2, magic regeneration, demonic touch 1
a: Renounce Religion, Stomp, Line Pass


You were on level 10 of the Dungeon.
You worshipped Uskayaw.
Uskayaw was aware of your devotion.
You visited 2 branches of the dungeon, and saw 11 of its levels.
You also visited: Bailey.

You collected 746 gold pieces.
You spent 88 gold pieces at shops.

Inventory:

Hand Weapons
 a - a +0 vampiric rapier
 m - a +1 dagger of venom
 p - a +1 dagger of electrocution (weapon)
Missiles
 d - 2 throwing nets
 e - a javelin
 h - 114 stones (quivered)
 o - 4 datura-tipped darts
Armour
 l - a +2 pair of gloves (worn)
 y - the +4 robe of Bejonaang {rElec MP+9 SInv}
   (You found it on level 4 of the Dungeon)

   rElec:     It insulates you from electricity.
   MP:        It affects your magic capacity (+9).
   SInv:      It lets you see invisible.
 J - a +0 pair of gloves
 L - the +3 leather armour of Wu Jian's Hatred (worn) {Int+3}
   (You found it on level 6 of the Dungeon)

   Int:       It affects your intelligence (+3).
 V - a +2 leather armour of poison resistance
 W - a +1 cloak (worn)
Jewellery
 i - a ring of positive energy
 q - a ring of magical power
 x - a ring of protection from cold
 z - a +6 ring of dexterity (left hand)
 M - a +4 ring of protection (right hand)
 Q - a +6 ring of strength
 R - a ring of resist corrosion
 Y - an amulet of magic regeneration (around neck)
Wands
 G - a wand of paralysis (17)
 K - a wand of flame (14)
 T - a wand of digging (2)
Scrolls
 k - 2 scrolls of immolation
 t - a scroll of amnesia
 v - 3 scrolls of vulnerability
 D - 2 scrolls of enchant weapon
 E - 3 scrolls of teleportation
 F - 2 scrolls of blinking
 N - 3 scrolls of fog
 O - a scroll of butterflies
 U - 2 scrolls of enchant armour
 X - a scroll of fear
Potions
 f - a potion of might
 g - a potion of flight
 n - 5 potions of mutation
 r - 3 potions of haste
 s - a potion of heal wounds
 u - a potion of brilliance
 w - 5 potions of curing
 A - a potion of attraction
 C - 3 potions of cancellation {unknown}
 H - a potion of berserk rage {unknown}
 I - a potion of resistance
 P - a potion of lignification


   Skills:
 + Level 7.4 Fighting
 - Level 8.0 Short Blades
 - Level 1.7 Throwing
 - Level 3.0 Armour
 + Level 7.0 Dodging
 * Level 10.0 Stealth
 + Level 9.0 Invocations


You had 10 spell levels left.
You didn't know any spells.
Your spell library contained the following spells:

 Spells                   Type           Power      Damage    Failure   Level
 Kiss of Death            Conj/Necr      0%         2d5       36%         1
 Magic Dart               Conj           0%         1d3       36%         1
 Call Imp                 Summ           0%         N/A       50%         2
 Cigotuvi's Dreadful Rot  Necr/Pois/Air  0%         N/A       50%         2
 Lesser Beckoning         Tloc           0%         N/A       50%         2
 Scorch                   Fire           0%         2d5       50%         2
 Confusing Touch          Hex            0%         N/A       75%         3
 Gell's Gravitas          Tloc           0%         N/A       75%         3
 Hailstorm                Conj/Ice       0%         3d3       75%         3
 Mephitic Cloud           Conj/Pois/Air  0%         N/A       75%         3
 Teleport Other           Tloc           0%         N/A       75%         3
 Dispel Undead            Necr           0%         3d6       98%         4
 Flame Wave               Conj/Fire      0%         2d4       98%         4
 Ice Form                 Ice/Tmut       0%         N/A       98%         4
 Death Channel            Necr           0%         N/A       100%        6
 Simulacrum               Ice/Necr       0%         N/A       100%        6
 Summon Cactus Giant      Summ           0%         N/A       100%        6


Dungeon Overview and Level Annotations

Branches:
Dungeon (10/15)            Temple (1/1) D:5          Bailey (visited)
   Lair: D:8-11         Orc: D:9-12

Altars:
Ashenzari
Cheibriados
Dithmenos
Fedhas
Gozag
Kikubaaqudgha
Makhleb
Nemelex Xobeh
Okawaru
Qazlal
Ru
Sif Muna
Trog
Uskayaw
Vehumet
Wu Jian

Shops:
D:6 ?

Annotations:
D:1 1 transporter
D:5 2 transporters, Zvl3's ghost, novice HOHu
D:6 Edmund
D:8 2 transporters
D:10 Snorg


Innate Abilities, Weirdness & Mutations

You have large cloven feet.
You have a pair of horns on your head.
You are mostly covered in sharp spines.
You regenerate magic rapidly.
Your touch may inflict minor irresistible damage on your foes.


Message History

Uskayaw prepares the audience for your solo!
The helpless wraith fails to defend itself.
You perforate the wraith like a sieve!!!!
You destroy the wraith!
Snorg is no longer paralysed.
Snorg bites you but does no damage. Snorg barely misses you.
Snorg completely misses you. Snorg is struck by your spines.
Snorg closely misses you. Snorg claws you but does no damage.
Snorg completely misses you. Snorg is struck by your spines. Snorg bites you!
Snorg claws you. Snorg closely misses you.
Uskayaw will force your foes to share their pain.
Uskayaw links your audience in an emotional bond!
You take 17 damage, and have 67/84 hp.
MASSIVE DAMAGE!!
You hit Snorg. You kick Snorg! Your headbutt misses Snorg.
Snorg is moderately wounded.
The howler monkey zombie is no longer paralysed.
Snorg is struck by your spines.
Reactivating autopickup.
You feel a bit more experienced. Snorg barely misses you. Snorg misses you.
Snorg claws you.
You take 2 damage, and have 65/84 hp.
You barely miss Snorg. Your headbutt misses Snorg.
You destroy the howler monkey zombie!
You touch Snorg.
Snorg is heavily wounded.
Snorg misses you. Snorg claws you! Snorg claws you. Snorg bites you.
Snorg closely misses you. Snorg claws you.
You take 22 damage, and have 43/84 hp.
MASSIVE DAMAGE!!
You closely miss Snorg. You kick Snorg. You headbutt Snorg.
Snorg is heavily wounded.
Snorg closely misses you. Snorg claws you. Snorg claws you!
* * * LOW HITPOINT WARNING * * *
You take 21 damage, and have 22/84 hp.
MASSIVE DAMAGE!!
You feel much better. Snorg bites you!!
* * * LOW HITPOINT WARNING * * *
Snorg claws you but does no damage. Snorg barely misses you.
Snorg is struck by your spines. Snorg bites you!!
* * * LOW HITPOINT WARNING * * *
Snorg barely misses you. Snorg claws you!
You die...

.........................
.........................
........##.#####.........
........##.# #.........
........##.# #.........
.........#.# #....^....
.........#.#####.......<.
##....##.#...............
###.. #@###############.
##.##T## #......#
#.~~~..# #.~~~~P#
#~~~~~~# #..~.~..#
#.P.....# #.$......


You could see Snorg (berserk, pain bonded).

Vanquished Creatures
  2 vault guards (Bailey)
  A cyclops (D:8)
  A hornet (D:8)
  Prince Ribbit (Bailey)
  5 wraiths
  A wyvern (D:8)
  A vampire (D:10)
  5 yaks (D:9)
  9 humans (Bailey)
  A steam dragon (D:7)
  2 black bears
  5 orc warriors
  2 ice beasts
  5 centaurs
  2 ogres (D:9)
  3 phantoms
  3 kobold brigands
  17 bullfrogs
  3 gnoll sergeants
  6 scorpions
  5 wights (D:9)
  7 howler monkeys
  A gnoll bouda (D:7)
  7 hounds
  5 jellies
  3 orc priests
  5 iguanas
  Ijyb (D:3)
  Terence (D:3)
  7 orc wizards
  A howler monkey zombie (D:10)
  30 gnolls
  7 adders
  A shadow imp (D:6)
  4 white imps
  2 ufetubi
  5 worms
  3 dart slugs
  75 orcs
  7 bats
  6 endoplasms
  4 giant cockroaches
  19 goblins
  11 hobgoblins
  10 jackals (D:3)
  27 kobolds
  3 quokkas
  7 ball pythons
  3 frilled lizards
  9 rats
351 creatures vanquished.

Vanquished Creatures (collateral kills)
  A goblin (D:3)
1 creature vanquished.

Vanquished Creatures (others)
  A fungus (D:3)
  3 plants (D:3)
  A withered plant (D:10)
5 creatures vanquished.

Grand Total: 357 creatures vanquished

Notes
Turn   | Place    | Note
-------+----------+-------------------------------------------
     0 | D:1      | jasper the Demonspawn Gladiator began the quest for the
                  | Orb.
     0 | D:1      | Reached XP level 1. HP: 16/16 MP: 1/1
    90 | D:1      | Gained mutation: You are partially covered in sharp spines.
                  | [demonic ancestry]
    90 | D:1      | Reached XP level 2. HP: 22/22 MP: 2/2
   549 | D:1      | Reached XP level 3. HP: 27/27 MP: 3/3
  1120 | D:2      | Noticed a scorpion
  1132 | D:2      | Killed a scorpion
  1133 | D:2      | Reached XP level 4. HP: 33/33 MP: 4/4
  1744 | D:2      | Reached skill level 5 in Short Blades
  1994 | D:3      | Found a radiant altar of Vehumet.
  2120 | D:4      | Discovered your monstrous ancestry.
  2120 | D:4      | Gained mutation: You have large cloven feet. [demonic
                  | ancestry]
  2120 | D:4      | Reached XP level 5. HP: 38/38 MP: 5/5
  2425 | D:4      | Gained mutation: You regenerate magic rapidly. [demonic
                  | ancestry]
  2425 | D:4      | Reached XP level 6. HP: 44/44 MP: 6/6
  2598 | D:4      | Identified the +4 robe of Bejonaang {rElec MP+9 SInv}
  2934 | D:5      | Entered Level 5 of the Dungeon
  3052 | D:5      | Gained mutation: You have a pair of small horns on your
                  | head. [demonic ancestry]
  3052 | D:5      | Reached XP level 7. HP: 45/50 MP: 7/7
  3235 | D:5      | Found a transporter.
  3237 | D:5      | Noticed Zvl3's ghost (novice HOHu)
  3244 | D:5      | Reached skill level 1 in Stealth
  3244 | D:5      | Found a transporter.
  3281 | D:5      | Found a staircase to the Ecumenical Temple.
  3301 | Temple   | Entered the Ecumenical Temple
  3370 | Temple   | Became a worshipper of Uskayaw the Reveller
  3574 | D:5      | Reached * piety under Uskayaw
  3651 | D:5      | Reached ** piety under Uskayaw
  3652 | D:5      | Reached skill level 1 in Armour
  3652 | D:5      | Reached skill level 2 in Stealth
  3754 | D:5      | Reached *** piety under Uskayaw
  3755 | D:5      | Reached skill level 1 in Invocations
  3755 | D:5      | Gained mutation: You have a pair of horns on your head.
                  | [demonic ancestry]
  3755 | D:5      | Reached XP level 8. HP: 51/57 MP: 8/8
  3755 | D:5      | Reached **** piety under Uskayaw
  4208 | D:3      | Reached skill level 3 in Stealth
  4494 | D:3      | Noticed Ijyb
  4500 | D:3      | Reached ***** piety under Uskayaw
  4507 | D:3      | Reached ****** piety under Uskayaw
  4523 | D:3      | Killed Ijyb
  4546 | D:3      | Noticed Terence
  4569 | D:3      | Killed Terence
  4997 | D:3      | Reached skill level 4 in Stealth
  5025 | D:3      | Found an opulent altar of Gozag.
  5646 | D:6      | Gained mutation: Your touch may inflict minor irresistible
                  | damage on your foes. [demonic ancestry]
  5646 | D:6      | Reached XP level 9. HP: 62/65 MP: 11/11
  5662 | D:6      | Identified the +3 leather armour of Wu Jian's Hatred
                  | {Int+3}
  5682 | D:6      | Reached skill level 5 in Stealth
  5763 | D:6      | Found Citio's Magic Scroll Shop.
  5768 | D:6      | Bought a scroll of fog for 44 gold pieces
  5768 | D:6      | Bought a scroll of butterflies for 44 gold pieces
  5784 | D:6      | Found a sparkling altar of Nemelex Xobeh.
  5862 | D:6      | Found a snail-covered altar of Cheibriados.
  5863 | D:6      | Noticed Edmund
  5868 | D:6      | Found a shadowy altar of Dithmenos.
  5992 | D:7      | Found a flagged portal.
  5997 | D:7      | Reached skill level 5 in Invocations
  6002 | Bailey   | Entered a bailey
  6036 | Bailey   | Reached skill level 6 in Stealth
  6038 | Bailey   | Reached skill level 5 in Fighting
  6038 | Bailey   | Reached skill level 5 in Dodging
  6152 | Bailey   | Reached skill level 7 in Stealth
  6168 | Bailey   | Gained mutation: You are mostly covered in sharp spines.
                  | [demonic ancestry]
  6168 | Bailey   | Reached XP level 10. HP: 70/74 MP: 14/14
  6176 | Bailey   | Noticed Prince Ribbit
  6188 | Bailey   | Killed Prince Ribbit
  6188 | Bailey   | Noticed a vault guard
  6203 | Bailey   | Killed a vault guard
  6204 | Bailey   | Reached skill level 8 in Stealth
  6351 | Bailey   | Noticed a vault guard
  6364 | Bailey   | Killed a vault guard
  6810 | D:7      | Found a stormy altar of Qazlal.
  7608 | D:8      | Noticed a cyclops
  7617 | D:8      | Killed a cyclops
  7624 | D:8      | Reached skill level 9 in Stealth
  7649 | D:8      | Noticed a deep elf pyromancer
  7849 | D:8      | Found a transporter.
  7856 | D:8      | Noticed a brown ugly thing
  7861 | D:8      | Found a transporter.
  7865 | D:8      | Found an ancient bone altar of Kikubaaqudgha.
  7980 | D:9      | Reached XP level 11. HP: 83/83 MP: 17/17
  8124 | D:9      | Found an ornate altar of the Wu Jian Council.
  8931 | D:9      | Found a bloodstained altar of Trog.
  9027 | D:10     | Entered Level 10 of the Dungeon
  9142 | D:10     | Noticed Snorg
  9155 | D:10     | Reached skill level 10 in Stealth
  9163 | D:10     | HP: 3/84 [Snorg (19)]
  9163 | D:10     | Slain by Snorg

Illustrated notes

Levels and vault maps discovered:
D:1:      spicycebolla_arrival_transporter_tutorial, layout_basic,
          minmay_misc_feat_hallway, reono_crystal_passage
D:2:      layout_basic, minmay_misc_feat_rugged, chequers_serial_rivers_marsh
D:3:      lemuel_castle_with_subvaults [lemuel_castle_interior_carwin_2],
          layout_basic, grunt_temple_overflow_gold_and_silver,
          nicolae_vehumet_radiance, glass_columns_a, uniq_ijyb, uniq_terence
D:4:      minmay_opposing_rooms, layout_basic, kennysheep_small_square
D:5:      layout_loops_ring, minmay_temple_entry_slanted,
          gammafunk_ghost_mausoleum, kennysheep_generic_room_4
D:6:      layout_cave_pools, mainiacjoe_overflow_paths,
          nicolae_overflow_hidden_temple, serial_shops,
          nicolae_shop_hallway_stairs, minmay_checkerbox, uniq_edmund
D:7:      layout_basic, nicolae_qazlal_scattered_showers, enter_bailey_3
D:8:      layout_rooms, gammafunk_temple_overflow_arena
D:9:      layout_roguey [special_room_orc], trog_butcher_becter,
          mainiacjoe_overflow_six_doors_small
D:10:     layout_basic, yredelemnul_altar_generic, xom_redecorated,
          dpeg_oklobed_lair, serial_undead, serial_undead_d, serial_undead_b,
          serial_undead_f, serial_undead_c, uniq_grum, uniq_snorg
Temple:   hellmonk_temple_forest_ring

Skill      XL: |  1  2  3  4  5  6  7  8  9 10 11 |
---------------+----------------------------------+-----
Short Blades   | 3 4 5 6 7 8 |  8.0
Stealth        | 2 4 7 9 10 | 10.0
Dodging        | 3 4 5 6 7 |  7.0
Armour         | 1 2 3 |  3.0
Invocations    | 1 3 6 8 9 |  9.0
Fighting       | 4 5 6 7 |  7.4
Throwing       | |  1.7

Action                     |  1- 3 |  4- 6 |  7- 9 | 10-12 || total
---------------------------+-------+-------+-------+-------++-------
  Melee: Rapier            |    67 |    43 |       |       ||   110
         Punch             |     1 |     2 |     3 |     1 ||     7
         Dagger            |       |   108 |   280 |   211 ||   599
         Kick              |       |    21 |    88 |    79 ||   188
         Headbutt          |       |       |    52 |    49 ||   101
         Touch             |       |       |    19 |    35 ||    54
  Throw: Stone             |     2 |     2 |       |       ||     4
         Throwing net      |     2 |       |     1 |       ||     3
         Dart              |       |       |     1 |       ||     1
 Invoke: Grand Finale      |       |       |       |     1 ||     1
    Use: Scroll            |     2 |     5 |     6 |     8 ||    21
         Potion            |       |       |       |     1 ||     1
   Stab: Held in net/web   |     2 |       |       |       ||     2
         Sleeping          |       |       |     7 |    12 ||    19
         Paralysed         |       |       |    18 |    29 ||    47
         Distracted        |       |       |     1 |       ||     1
 Armour: Leather armour    |     8 |       |     5 |    40 ||    53
         Ring mail         |    11 |    43 |    49 |       ||   103
  Dodge: Dodged            |    26 |    67 |   139 |   116 ||   348

Table legend: (Time is in decaauts)
 A = Elapsed time spent in this place.
 B = Non-inter-level travel time spent in this place.
 C = Inter-level travel time spent in this place.
 D = Time resting spent in this place.
 E = Time spent auto-exploring this place.
 F = Levels seen in this place.
 G = Mean time per level.
                   A        B        C        D        E       F      G
               +--------+--------+--------+--------+--------+-----+--------+
         Total |   8942 |   8483 |    459 |    185 |   6413 |  12 |  745.2 |
       Dungeon |   8344 |   7896 |    448 |    167 |   5984 |  10 |  834.4 |
        Temple |     81 |     70 |     11 |      0 |     57 |   1 |   81.0 |
        Bailey |    515 |    515 |      0 |     18 |    372 |   1 |  515.0 |
               +--------+--------+--------+--------+--------+-----+--------+

Top non-repeatable levels by time:
     D:3: 1265 daAuts
     D:4: 1136 daAuts
     D:9: 1065 daAuts
     D:1: 1034 daAuts
     D:7: 1028 daAuts
     D:2: 923 daAuts
     D:5: 809 daAuts
     D:6: 519 daAuts
  Bailey: 515 daAuts
     D:8: 432 daAuts
    D:10: 130 daAuts
  Temple: 81 daAuts
